 Dungeon Sprint DCSS version 0.15-a0-756-g319e367 (webtiles) character file.

158 Froboctopus the Cloud Mage (level 5, -1/28 HPs)
             Began as a Tengu Air Elementalist on May 11, 2014.
             Was an Elder of Qazlal.
             Slain by a wight
             ... wielding a cursed +0,+0 flail of protection
              (2 damage)
             ... in the Dungeon (Sprint VII: "The Pits").
             The game lasted 00:04:11 (920 turns).

Froboctopus the Cloud Mage (Tengu Air Elementalist)  Turns: 920, Time: 00:04:12

HP  -1/28        AC  4     Str  8      XL: 5   Next: 40%
MP   0/16        EV 12     Int 17      God: Qazlal [****..]
Gold 0           SH 10     Dex  9 (14) Spells:  5 memorised,  0 levels left

rFire  . . .     SeeInvis .     p - staff of energy
rCold  . . .     Clarity  .     u - +2 robe {MR+}
rNeg   . . .     Conserve .     (no shield)
rPois  .         rCorr    .     (helmet restricted)
rElec  .         rRot     .     (no cloak)
SustAb . .       Spirit   .     (no gloves)
rMut   .         Warding  .     (boots unavailable)
Gourm  .         NoTele   +     (no amulet)
MR     +....                    (no ring)
                                (no ring)

@: repel missiles, very slightly contaminated, drained, bribing [], somewhat
resistant to hostile enchantments, very unstealthy
A: able to fly, beak, talons 3
a: Fly, Upheaval, Elemental Force, Renounce Religion


You were in the Dungeon.
You worshipped Qazlal.
Qazlal was greatly pleased with you.
You were not hungry.

You visited 1 branch

Inventory:

Hand weapons
 e - a +2,+0 quarterstaff of protection
 q - a +2,+2 dagger
Armour
 u - a +2 robe of magic resistance (worn)
Comestibles
 c - 8 bread rations
 d - 40 strawberries
 j - 7 meat rations
 r - 3 chunks of gnoll flesh
Scrolls
 i - a scroll of blinking
 l - 2 scrolls of vulnerability
 m - 3 scrolls of remove curse
 n - 5 scrolls of amnesia
 o - a scroll of summoning
Potions
 f - a potion of haste
 g - 4 potions of magic
 h - 3 potions of berserk rage
 k - 2 potions of invisibility
 s - 4 potions of curing
 t - 5 potions of heal wounds
Books
 b - a book of Air

   Spells                             Type                      Level
   *Shock                             Conjuration/Air              1
   *Swiftness                         Charms/Air                   2
   *Repel Missiles                    Charms/Air                   2
   Flight                             Charms/Air                   3
   *Static Discharge                  Conjuration/Air              3
   *Lightning Bolt                    Conjuration/Air              5
Magical staves
 p - an uncursed staff of energy (weapon)


   Skills:
 - Level 2.1(1.8) Dodging
 - Level 2.0(1.7) Stealth
 + Level 4.7(4.3) Spellcasting
 * Level 8.7(8.3) Conjurations
 * Level 9.5(9.1) Air Magic


You couldn't memorise any spells.
You knew the following spells:

 Your Spells              Type           Power        Failure   Level  Hunger
a - Shock                 Conj/Air       ####         1%          1    None
b - Repel Missiles        Chrm/Air       ###...       3%          2    None
c - Swiftness             Chrm/Air       ###.....     3%          2    None
d - Static Discharge      Conj/Air       ####....     1%          3    None
e - Lightning Bolt        Conj/Air       ####......   14%         5    None


Dungeon Overview and Level Annotations

Branches:
Dungeon (1/1)

Altars:
Ashenzari
Cheibriados
Dithmenos
Elyvilon
Fedhas
Gozag
Kikubaaqudgha
Makhleb
Nemelex Xobeh
Okawaru
Qazlal
Sif Muna
Trog
Vehumet
Xom
Yredelemnul
Zin
The Shining One
Beogh
Jiyva
Lugonu


Innate Abilities, Weirdness & Mutations

You can fly.
You have a beak for a mouth.
You have claws for feet.


Message History

The wight is moderately damaged.
The wight hits you with a glowing flail.
* * * LOW HITPOINT WARNING * * *
You barely miss the wight. You peck the wight, but do no damage.
The wight is moderately damaged.
The wight misses you.
You closely miss the wight. Your kick misses the wight.
The wight is moderately damaged.
The wight barely misses you.
Casting: Lightning Bolt
Confirm with . or Enter, or press ? or * to list all spells.
Aiming: Lightning Bolt
Press: ? - help, Shift-Dir - straight line, f/p - wight
Aim: a wight, wielding a glowing flail and wearing a robe (moderately damaged)
You hear a mighty clap of thunder!
The bolt of lightning misses the wight.
The wight hits you with a glowing flail!
* * * LOW HITPOINT WARNING * * *
You feel drained.
You die...

############ #__________#
#______.___#
#.#####'#############
#_#).)'.'..##.........
#_#)))#.#.(##......#..#
#######'#####..........
#.......z@..'...........
#'#####'#####......#..#.
#.#...#%#..##............
#.#...#.#))#####'#####++
#.#...%.#))##.......#
#.##§####)§##.......#
#.#.....#[[##.%.....#
#.#...§.#'###...<...#
#[#........##.......#


You could see a wight.

Vanquished Creatures
  A quasit (D)
  A wight (D)
  An iron imp (D)
  A gnoll (D)
  A green rat (D)
  An adder (D)
  A giant mite (D)
  An ufetubus (D)
  An adder zombie (D)
  An ooze (D)
  A giant cockroach (D)
  4 jackals (D)
15 creatures vanquished.

Notes
Turn   | Place    | Note
--------------------------------------------------------------
     0 | D        | Froboctopus, the Tengu Air Elementalist, began the quest for the Orb.
     0 | D        | Reached XP level 1. HP: 10/10 MP: 3/3
    25 | D        | Reached skill level 5 in Air Magic
    25 | D        | Reached XP level 2. HP: 12/15 MP: 0/6
   110 | D        | Found a shadowy altar of Dithmenos.
   110 | D        | Found a bloodstained altar of Trog.
   110 | D        | Found a deep blue altar of Sif Muna.
   110 | D        | Found a shimmering altar of Xom.
   110 | D        | Found a sparkling altar of Nemelex Xobeh.
   110 | D        | Found a corrupted altar of Lugonu.
   110 | D        | Found a viscous altar of Jiyva.
   111 | D        | Found a basalt altar of Yredelemnul.
   111 | D        | Found a glowing golden altar of the Shining One.
   111 | D        | Found a shattered altar of Ashenzari.
   111 | D        | Found a white marble altar of Elyvilon.
   111 | D        | Found a snail-covered altar of Cheibriados.
   111 | D        | Found a blossoming altar of Fedhas.
   111 | D        | Found a radiant altar of Vehumet.
   111 | D        | Found a burning altar of Makhleb.
   111 | D        | Found an ancient bone altar of Kikubaaqudgha.
   111 | D        | Found a glowing silver altar of Zin.
   111 | D        | Found a roughly hewn altar of Beogh.
   111 | D        | Found an iron altar of Okawaru.
   116 | D        | Found a stormy altar of Qazlal.
   116 | D        | Found an opulent altar of Gozag.
   119 | D        | Became a worshipper of Qazlal Stormbringer
   286 | D        | Learned a level 2 spell: Repel Missiles
   289 | D        | Learned a level 2 spell: Swiftness
   300 | D        | Acquired Qazlal's first power
   301 | D        | Reached skill level 6 in Air Magic
   301 | D        | Reached XP level 3. HP: 1/19 MP: 1/8
   598 | D        | Noticed a quasit
   604 | D        | Reached skill level 5 in Conjurations
   605 | D        | Acquired Qazlal's second power
   632 | D        | Killed a quasit
   632 | D        | Reached skill level 7 in Air Magic
   632 | D        | Reached XP level 4. HP: 22/24 MP: 1/11
   719 | D        | Learned a level 3 spell: Static Discharge
   741 | D        | Acquired Qazlal's third power
   746 | D        | Reached skill level 8 in Air Magic
   845 | D        | Noticed a wight
   845 | D        | Noticed an iron imp
   858 | D        | Killed a wight
   858 | D        | Reached skill level 9 in Air Magic
   858 | D        | Reached XP level 5. HP: 17/28 MP: 7/15
   865 | D        | Killed an iron imp
   865 | D        | Acquired Qazlal's fourth power
   886 | D        | Learned a level 5 spell: Lightning Bolt
   899 | D        | Noticed a wight
   920 | D        | HP: 1/28 [wight/glowing flail (8)]
   920 | D        | Slain by a wight

Action                   |  1- 3 |  4- 6 || total
-------------------------+-------+-------++-------
Melee: Unarmed           |     4 |       ||     4
       Dagger            |    15 |     3 ||    18
       Staff             |     4 |     8 ||    12
       Quarterstaff      |       |     5 ||     5
 Cast: Shock             |    23 |     9 ||    32
       Lightning Bolt    |       |     2 ||     2
       Repel Missiles    |       |     1 ||     1
  Use: Potion            |     2 |     1 ||     3
 Stab: Sleeping          |     1 |       ||     1
